 Dungeon Crawl Stone Soup version 0.24-a0-497-g5a03d68f59 (webtiles) character file.

Game seed: 9518445340062882087

6285 Azzok the Blocker (level 11, -4/87 HPs)
             Began as a Formicid Fighter on July 13, 2019.
             Was an Elder of Okawaru.
             Slain by a manticore (9 damage)
             ... on level 12 of the Dungeon.
             The game lasted 00:15:25 (10878 turns).

Azzok the Blocker (Formicid Fighter)               Turns: 10878, Time: 00:15:26

Health: -4/87      AC: 12    Str: 23    XL:     11   Next: 15%
Magic:  17/17      EV:  6    Int:  9    God:    Okawaru [****..]
Gold:   341        SH: 11    Dex: 10    Spells: 10/10 levels left

rFire    . . .     SeeInvis +   d - +2 quarterstaff (crush)
rCold    + . .     Gourm    .   c - +0 shield
rNeg     . . .     Faith    .   n - +0 plate armour
rPois    .         Spirit   .   (helmet unavailable)
rElec    .         Reflect  .   (no cloak)
rCorr    +         Harm     .   (no gloves)
MR       +....                  (no boots)
Stlth    ..........             (no amulet)
HPRegen  0.24/turn              g - ring of protection from cold
MPRegen  0.15/turn              v - ring of resist corrosion

@: no status effects
A: permanent stasis, dig shafts and tunnels, four strong arms, antennae 3
a: Dig, Shaft Self, Heroism, Renounce Religion


You were on level 12 of the Dungeon.
You worshipped Okawaru.
Okawaru was greatly pleased with you.
You were not hungry.

You visited 2 branches of the dungeon, and saw 11 of its levels.

You collected 341 gold pieces.

Inventory:

Hand Weapons
 b - a +0 hand axe
 d - a +2 quarterstaff of crushing (weapon)
 z - a +3 rapier of electrocution
Armour
 c - a +0 shield (worn)
 h - a +0 chain mail of cold resistance
 n - a +0 plate armour (worn)
Jewellery
 g - a ring of protection from cold (left hand)
 v - a ring of resist corrosion (right hand)
Wands
 j - a wand of acid (1)
 m - a wand of flame (9)
 y - a wand of digging (4)
Scrolls
 a - a scroll of magic mapping {unknown}
 e - a scroll of enchant weapon {unknown}
 o - 2 scrolls of remove curse {unknown}
 p - a scroll of fear {unknown}
 q - 2 scrolls of amnesia {unknown}
 r - 2 scrolls of immolation {unknown}
 s - a scroll of summoning {unknown}
 x - a scroll of enchant armour {unknown}
Potions
 k - a potion of mutation {unknown}
 l - 4 potions of degeneration {unknown}
 w - 2 potions of lignification
Comestibles
 f - 16 rations


   Skills:
 - Level 8.6 Fighting
 + Level 6.1 Axes
 - Level 2.0 Staves
 - Level 6.0 Armour
 - Level 9.0 Shields
 + Level 7.2 Invocations
 + Level 8.8 Evocations


You had 10 spell levels left.
You didn't know any spells.
Your spell library contained the following spells:

 Spells                   Type           Power        Failure   Level  Hunger
 Corona                   Hex            #......      100%        1    ##.....
 Ensorcelled Hibernation  Hex/Ice        #.....       100%        2    ###....
 Confuse                  Hex            #.......     100%        3    ####...
 Dazzling Spray           Conj/Hex       #.....       100%        3    ####...
 Tukima's Dance           Hex            #.......     100%        3    ####...


Dungeon Overview and Level Annotations

Branches:
Dungeon (9/15)             Temple (1/1) D:6
   Lair: D:8-11         Orc: D:9-12

Altars:
Ashenzari
Elyvilon
Gozag
Kikubaaqudgha
Makhleb
Nemelex Xobeh
Okawaru
Qazlal
Ru
Sif Muna
Uskayaw
Wu Jian
Yredelemnul
Zin
The Shining One
Jiyva

Shops:
D:6 :

Annotations:
D:7 1 runed translucent door


Innate Abilities, Weirdness & Mutations

You cannot be hasted, slowed, berserked, paralysed or teleported.
You can dig through walls and to a lower floor.
Your four strong arms can wield two-handed weapons with a shield.
You have a pair of large antennae on your head. (SInv)


Message History

You block the manticore's attack.
The manticore claws you but does no damage.
You closely miss the manticore.
The manticore is severely wounded.
The manticore bites you!
* * * LOW HITPOINT WARNING * * *
You block the manticore's attack. x2
You hit the manticore.
The manticore is almost dead.
The manticore bites you!
* * * LOW HITPOINT WARNING * * *
You block the manticore's attack. x2
Your plate armour prevents you from hitting the manticore.
The manticore is almost dead.
You block the manticore's attack. x2; The manticore claws you!
* * * LOW HITPOINT WARNING * * *
You hit the manticore.
The manticore is almost dead.
The manticore bites you!
You die...

▒·▒ ▒··▒
▒▒▒▒▒▒▒▒··▒
··········▒
··········▒ ▒
▒▒▒▒▒▒▒···▒ ·▒
▒···▒▒▒▒▒▒▒·▒
▒···········▒
▒···H·······▒
▒··@▒▒▒▒▒▒·<·····
▒···▒ ·······
▒···▒ ·······
▒···▒ ···H···
▒···▒ ·······
▒···▒ ·······
▒···▒ ·······
▒···▒ ▒···▒


You could see a manticore.

Vanquished Creatures
  Nessos (D:12)
  Joseph (D:7)
  A slime creature (D:12)
  A hippogriff (D:7)
  Sigmund (D:6)
  A shadow (D:12)
  A spriggan (D:7)
  A hungry ghost (D:7)
  Eustachio (D:6)
  An ice beast (D:8)
  A sky beast (D:8)
  2 orc warriors (D:12)
  An eye of draining (D:12)
  2 phantoms
  2 necrophages
  4 ogres
  2 centaurs (D:6)
  2 bullfrogs
  11 killer bees
  9 wights
  3 howler monkeys
  2 centaur zombies
  3 crimson imps
  3 jellies (D:12)
  6 hounds
  A gnoll shaman (D:8)
  4 orc priests
  7 orc wizards
  2 iguanas
  8 worker ants
  A hound skeleton (D:4)
  3 gnolls (D:8)
  10 adders
  2 shadow imps
  2 oozes
  An adder skeleton (D:7)
  2 worms
  A dart slug (D:2)
  2 leopard geckos
  30 orcs
  3 giant cockroaches
  3 goblins
  2 hobgoblins (D:3)
  6 jackals
  3 quokkas
  A ball python (D:1)
  7 bats
  3 frilled lizards
  8 kobolds
  A leopard gecko zombie (D:7)
  A quokka skeleton (D:5)
  3 rats
180 creatures vanquished.

Notes
Turn   | Place    | Note
-------+----------+-------------------------------------------
     0 | D:1      | Azzok the Formicid Fighter began the quest for the Orb.
     0 | D:1      | Reached XP level 1. HP: 18/18 MP: 1/1
   183 | D:1      | Reached XP level 2. HP: 24/24 MP: 2/2
   314 | D:1      | You fall into a shaft and drop 1 floor!
   588 | D:2      | Reached skill level 4 in Shields
   588 | D:2      | Reached XP level 3. HP: 25/30 MP: 3/3
  1072 | D:3      | Reached XP level 4. HP: 25/37 MP: 4/4
  1480 | D:3      | Found a glowing golden altar of the Shining One.
  1483 | D:3      | Found a deep blue altar of Sif Muna.
  1483 | D:3      | Found an opulent altar of Gozag.
  1483 | D:3      | Found a basalt altar of Yredelemnul.
  1622 | D:3      | Found an opulent altar of Gozag.
  1685 | D:3      | Found a sparkling altar of Nemelex Xobeh.
  2160 | D:4      | Reached XP level 5. HP: 40/42 MP: 5/5
  2281 | D:4      | Reached skill level 5 in Shields
  2282 | D:4      | Noticed an ogre
  2289 | D:4      | Killed an ogre
  2289 | D:4      | Reached XP level 6. HP: 3/50 MP: 6/6
  2608 | D:4      | Reached skill level 5 in Fighting
  2608 | D:4      | Reached skill level 5 in Armour
  3004 | D:4      | Found a stormy altar of Qazlal.
  3004 | D:4      | Found an ornate altar of the Wu Jian Council.
  3079 | D:4      | Found an ancient bone altar of Kikubaaqudgha.
  3139 | D:4      | Reached XP level 7. HP: 56/56 MP: 7/7
  3230 | D:4      | Reached skill level 6 in Shields
  3244 | D:4      | Got an ichor-stained dagger
  3251 | D:4      | Identified the cursed +2 dagger of the Shore {drain, rC-
                  | Str+4 Int+3 Stlth+} (You found it on level 4 of the
                  | Dungeon)
  3690 | D:5      | Entered Level 5 of the Dungeon
  4474 | D:5      | Reached XP level 8. HP: 57/64 MP: 8/8
  4940 | D:5      | Reached skill level 7 in Shields
  5055 | D:6      | Reached skill level 1 in Evocations
  5357 | D:6      | Noticed Sigmund
  5373 | D:6      | Killed Sigmund
  5656 | D:5      | Reached skill level 8 in Shields
  5916 | D:6      | Reached XP level 9. HP: 18/72 MP: 11/11
  6616 | D:6      | Found a staircase to the Ecumenical Temple.
  6682 | Temple   | Entered the Ecumenical Temple
  6750 | Temple   | Became a worshipper of Warmaster Okawaru
  6854 | D:6      | Found Fuceujas's Book Shop.
  7143 | D:6      | Noticed Eustachio
  7161 | D:6      | Killed Eustachio
  7563 | D:7      | Reached skill level 9 in Shields
  7587 | D:7      | Paralysed by fainting for 12 turns
  7625 | D:7      | Found a sacrificial altar of Ru.
  7662 | D:7      | Reached skill level 5 in Evocations
  7700 | D:7      | Reached * piety under Okawaru
  8074 | D:7      | Reached skill level 1 in Axes
  8074 | D:7      | Reached skill level 1 in Invocations
  8258 | D:7      | Found a glowing silver altar of Zin.
  8258 | D:7      | Found a runed translucent door.
  8258 | D:7      | Noticed an angel
  8303 | D:7      | Noticed Joseph
  8318 | D:7      | Killed Joseph
  8318 | D:7      | Reached ** piety under Okawaru
  8318 | D:7      | Reached XP level 10. HP: 79/82 MP: 14/14
  8446 | D:7      | Found a shattered altar of Ashenzari.
  9233 | D:8      | Reached *** piety under Okawaru
  9233 | D:8      | Reached skill level 5 in Invocations
  9329 | D:8      | Found a sacrificial altar of Ru.
  9460 | D:9      | You fall into a shaft and drop 3 floors!
  9716 | D:12     | Noticed Nessos
  9742 | D:12     | Killed Nessos
  9742 | D:12     | Reached skill level 5 in Axes
  9772 | D:12     | Reached **** piety under Okawaru
 10045 | D:12     | Found a viscous altar of Jiyva.
 10081 | D:12     | Reached XP level 11. HP: 87/87 MP: 17/17
 10853 | D:12     | Noticed a manticore
 10878 | D:12     | Slain by a manticore

Levels and vault maps discovered:
D:1:      dpeg_arrival_round_b, layout_rooms
D:2:      layout_rooms, hangedman_abyss_or_decor_stabs
D:3:      layout_loops_cross, chequers_temple_overflow_statue_of_worship,
          nemelex_xobeh_ov_fountains_minmay, nicolae_gozag_seed_capital
D:4:      layout_basic, kiku_gazebo_pond_becter, nicolae_overflow_hidden_temple,
          first_ration, st_stairs_6
D:5:      layout_loops_ring
D:6:      layout_gridville, minmay_temple_entry_overgrown, serial_shops,
          nicolae_shop_stone, chequers_serial_rivers_micro_c, uniq_eustachio,
          uniq_sigmund
D:7:      layout_gridville, ashenzari_conservatory_becter, lemuel_doored_altar,
          the_bakery, lemuel_angel_altar, uniq_joseph
D:8:      layout_rooms, nicolae_ru_the_path_less_chosen
D:9:      layout_loops_corners, kennysheep_little_box, erik_orc_3,
          nicolae_tso_carved_into_rock
D:12:     layout_long_grid, jiyva_altar_1, uniq_nessos
Temple:   minmay_temple_curvy_loop

Skill      XL: |  1  2  3  4  5  6  7  8  9 10 11 |
---------------+----------------------------------+-----
Shields        | 4 5 6 8 9 |  9.0
Armour         | 4 5 6 |  6.0
Fighting       | 4 5 6 7 8 |  8.6
Evocations     | 3 6 8 |  8.8
Axes           | 2 5 6 |  6.1
Invocations    | 3 6 7 |  7.2
Staves         | |  2.0

Action                   |  1- 3 |  4- 6 |  7- 9 | 10-12 || total
-------------------------+-------+-------+-------+-------++-------
Melee: Quarterstaff      |    68 |   137 |   144 |   234 ||   583
       Trident           |       |       |    74 |       ||    74
       Morningstar       |       |       |    50 |       ||    50
       Rapier            |       |       |    88 |       ||    88
Invok: Heroism           |       |       |       |     5 ||     5
Evoke: Wand              |       |       |       |     6 ||     6
  Use: Scroll            |       |       |     6 |     4 ||    10
       Potion            |       |       |     2 |     3 ||     5
  Eat: Chunk             |     1 |     6 |    13 |     5 ||    25
       Ration            |       |       |     2 |     1 ||     3
Armor: Scale mail        |    33 |    43 |    70 |       ||   146
       Chain mail        |       |       |    26 |    76 ||   102
       Plate armour      |       |       |       |    13 ||    13
Dodge: Dodged            |    28 |    41 |   128 |    76 ||   273
Block: Shield            |    43 |    69 |   187 |   163 ||   462

Table legend:
 A = Non-vault XP
 B = Vault XP
 C = Vault XP percentage of total XP
 D = Non-vault monster count
 E = Vault monster count
 F = Vault count percentage of total count
                 A         B        C        D         E       F
            +---------+---------+-------+---------+---------+-------
      Total |    6171 |    2808 |  31.3 |     170 |      10 |   5.6
            +---------+---------+-------+---------+---------+-------
        D:1 |      11 |       0 |   0.0 |       5 |       0 |   0.0
        D:2 |      37 |       0 |   0.0 |      16 |       0 |   0.0
        D:3 |      88 |       0 |   0.0 |      15 |       0 |   0.0
        D:4 |     521 |       1 |   0.2 |      26 |       1 |   3.7
        D:5 |     562 |       0 |   0.0 |      22 |       0 |   0.0
        D:6 |     954 |     409 |  30.0 |      15 |       2 |  11.8
        D:7 |    1360 |     691 |  33.7 |      31 |       2 |   6.1
        D:8 |     822 |       0 |   0.0 |      16 |       0 |   0.0
       D:12 |    1816 |    1707 |  48.5 |      24 |       5 |  17.2
            +---------+---------+-------+---------+---------+-------
